 Dungeon Crawl Stone Soup version 0.31-a0-361-g0f8bd3a31e (webtiles) character file.

Game seed: 4458637843519164048

39 BritishOli the Trooper (level 3, 29/29 HPs)
             Began as a Demonspawn Fighter on July 27, 2023.
             Was an Initiate of Okawaru.
             Got out of the dungeon alive.
             The game lasted 00:00:48 (1030 turns).

BritishOli the Trooper (Demonspawn Fighter)         Turns: 1030, Time: 00:00:49

Health: 29/29      AC:  6    Str: 18    XL:     3   Next: 26%
Magic:  3/3        EV:  9    Int:  9    God:    Okawaru [......]
Gold:   18         SH:  8    Dex: 12    Spells: 2/2 levels left

rFire   . . .        a - +0 war axe
rCold   . . .        c - +0 buckler
rNeg    . . .        b - +0 scale mail
rPois   .            (no helmet)
rElec   .            (no cloak)
rCorr   .            (no gloves)
SInv    .            (no boots)
Will    .....        (no amulet) Stlth
                     (no ring)
HPRegen 0.24/turn    (no ring)
MPRegen 0.08/turn

%: no passive effects
@: no status effects
A: condensation shield, demonic magic 1
a: Renounce Religion


You escaped.
You worshipped Okawaru.
Okawaru was noncommittal.
You visited 1 branch of the dungeon, and saw 2 of its levels.

You collected 18 gold pieces.

Inventory:

Hand Weapons
 a - a +0 war axe (weapon)
Armour
 b - a +0 scale mail (worn)
 c - a +0 buckler (worn)
Jewellery
 g - a ring of positive energy
Scrolls
 e - a scroll of poison {unknown}
 f - a scroll of brand weapon {unknown}
 i - a scroll of amnesia {unknown}
 j - a scroll of enchant armour {unknown}
 k - a scroll of identify {unknown}
Potions
 d - a potion of might
 h - 2 potions of heal wounds {unknown}


   Skills:
 + Level 3.4 Fighting
 + Level 2.2 Axes
 + Level 3.0 Armour
 + Level 3.0 Shields


You had 2 spell levels left.
You didn't know any spells.
Your spell library contained the following spells:

 Spells                   Type           Power      Damage    Failure   Level
 Magic Dart               Conj           0%         1d3       85%         1
 Inner Flame              Hex/Fire       0%         N/A       99%         3
 Mephitic Cloud           Conj/Pois/Air  0%         N/A       99%         3
 Yara's Violent Unravell  Hex/Tmut       0%         3d3       100%        5
 Enfeeble                 Hex            0%         N/A       100%        7
 Call Imp                 Summ           Unusable   N/A       N/A         2

Dungeon Overview and Level Annotations

Branches:
Dungeon (2/15)

Altars:
Okawaru

Shops:
D:1 :


Innate Abilities, Weirdness & Mutations

A meltable shield of frost defends you. (SH +4)
Spells you cast may paralyse adjacent enemies.


Message History

An adder comes into view.
The adder hisses angrily.
You block the adder's attack. The adder barely misses you.
There is an open door here.
An adder is nearby!
You hit the adder.
The adder is lightly wounded.
The adder closely misses you. You block the adder's attack.
An adder is nearby!
You slash the adder!
You kill the adder!
Okawaru accepts your kill.
No target in view!
No target in view!
No target in view!
A ball python comes into view.
The ball python hisses angrily.
You hit the ball python.
You kill the ball python!
Okawaru accepts your kill.
No target in view!
No target in view!
No target in view!
No target in view!
No target in view!
No target in view!
No target in view!
(D) Dungeon
Where to? (Enter - D:2 @ (x,y), ? - help)
There is a stone staircase leading up here.
You climb upwards.
There is a stone staircase leading down here.
There is a staircase leading out of the dungeon here.
Are you sure you want to leave the Dungeon?
This will make you lose the game! [Y]es or [N]o only, please.
Are you sure you want to leave the Dungeon?
This will make you lose the game!
Alright, then stay!
There is a staircase leading out of the dungeon here.
Are you sure you want to leave the Dungeon?
This will make you lose the game!
You have escaped!

##.........#..#..................
##.............#.................
##.........#...#.................
............####......##....#....
....###.#............####...#....
.....................##.##..#....
............###.##.....##........
#....#.....##.....#.........#....
.....#....#.....@.##.............
#....#.....##.....#..............
............###.##.....##....#...
####..#..#...........##.##.......
##...##...........####........
###.##..####......##.....#...
#####...##.#...#.................
......####.....#.................
......# #.#..#....###...##..###.


There were no monsters in sight!

Vanquished Creatures
  An adder (D:2)
  A dart slug (D:1)
  A bat (D:1)
  An endoplasm (D:1)
  4 goblins
  6 hobgoblins
  2 kobolds (D:1)
  5 ball pythons
  4 frilled lizards
  A rat (D:2)
26 creatures vanquished.

Notes
Turn   | Place    | Note
-------+----------+-------------------------------------------
     0 | D:1      | BritishOli the Demonspawn Fighter began the quest for the
                  | Orb.
     0 | D:1      | Reached XP level 1. HP: 18/18 MP: 1/1
    65 | D:1      | Found Qinlulen's Book Emporium.
   151 | D:1      | Gained mutation: A meltable shield of frost defends you.
                  | (SH +4) [demonic ancestry]
   151 | D:1      | Reached XP level 2. HP: 24/24 MP: 2/2
   868 | D:2      | Found an iron altar of Okawaru.
   891 | D:2      | Became a worshipper of Warmaster Okawaru
   906 | D:2      | Gained mutation: Spells you cast may paralyse adjacent
                  | enemies. [demonic ancestry]
   906 | D:2      | Reached XP level 3. HP: 26/29 MP: 3/3
  1030 | D:$      | Got out of the dungeon alive.

Illustrated notes

Levels and vault maps discovered:
D:1:      erik_arrival_blinker_ship, layout_basic, serial_shops, shop
D:2:      layout_basic, basic_altar, minmay_misc_feat_tiny, minmay_hexomino_u4

Skill      XL: |  1  2 |
---------------+-------+-----
Axes           | 2 |  2.2
Shields        | 3 |  3.0
Armour         | 3 |  3.0
Fighting       | |  3.4

Action                     || total
---------------------------++-------
  Melee: War axe           ||    68
 Armour: Scale mail        ||    32
  Dodge: Dodged            ||    26
  Block: Buckler           ||    26

Table legend: (Time is in decaauts)
 A = Elapsed time spent in this place.
 B = Non-inter-level travel time spent in this place.
 C = Inter-level travel time spent in this place.
 D = Time resting spent in this place.
 E = Time spent auto-exploring this place.
 F = Levels seen in this place.
 G = Mean time per level.
                   A        B        C        D        E       F      G
               +--------+--------+--------+--------+--------+-----+--------+
         Total |   1060 |    971 |     89 |      0 |    776 |   2 |  530.0 |
       Dungeon |   1060 |    971 |     89 |      0 |    776 |   2 |  530.0 |
               +--------+--------+--------+--------+--------+-----+--------+

Top non-repeatable levels by time:
     D:1: 888 daAuts
     D:2: 172 daAuts
